Map: Dusk Towers

Players

wickedclownz - Winner!

  • Race: Protoss Protoss
  • League: Bronze

HyDE

  • Race: Protoss Protoss
  • League: Bronze

VOD

Have the link to the VOD?

Description

Time

  • Played on: Jan. 31, 2016, 3:03 p.m.
  • Length: 15:46
Show
View Real Time Build Order
Export as new Build Order

wickedclownz Protoss - Winner!

Build Orders: 1 Gate Expand 

Get SALT Encoding   

  12  0:01  Probe (Chrono Boost)  
  13  0:12  Probe (Chrono Boost)  
  14  0:18  Pylon  
  14  0:23  Probe (Chrono Boost)  
  15  0:40  Gateway  
  15  0:41  Probe (Chrono Boost)  
  16  0:48  Assimilator  
  16  0:52  Probe (Chrono Boost)  
  17  1:03  Probe (Chrono Boost)  
  18  1:23  Nexus  
  18  1:33  Cybernetics Core  
  18  1:37  Probe (Chrono Boost)  
  19  1:54  Probe (Chrono Boost)  
  19  1:55  Assimilator  
  20  2:06  Probe (Chrono Boost)  
  21  2:09  Warp Gate (Chrono Boost)  
  21  2:15  Robotics Facility  
  21  2:22  Probe (Chrono Boost)  
  22  2:30  Pylon  
  22  2:32  Gateway  
  22  2:37  Probe (Chrono Boost)  
  23  2:48  Probe (Chrono Boost)  
  24  2:55  Stalker  
  26  3:00  Gateway  
  26  3:01  Probe (Chrono Boost)  
  27  3:16  Immortal  
  31  3:20  Probe  
  32  3:29  Stalker  
  32  3:31  Probe  
  35  3:35  Stalker  
  37  3:41  Probe  
  38  3:55  Immortal  
  42  4:02  Forge  
  42  4:06  Pylon  
  42  4:13  Stalker  
  44  4:20  Pylon  
  44  4:26  Gateway  
  44  4:30  Stalker  
  46  4:31  Probe  
  47  4:40  Protoss Ground Weapons Level 1 (Chrono Boost)  
  47  4:42  Probe  
  48  4:48  Stalker  
  48  4:52  Probe  
  55  5:00  Immortal  
  55  5:10  Robotics Bay  
  55  5:21  Assimilator, Probe  
  55  5:24  Assimilator  
  55  5:27  Probe  
  57  5:32  Probe  
  58  5:39  Probe  
  55  5:42  Probe  
  55  5:46  Immortal  
  55  5:49  Stalker  
  62  5:56  Pylon  
  62  5:57  Pylon  
  62  6:01  Pylon  
  62  6:03  Pylon  
  62  6:14  Probe  
  63  6:19  Stalker  
  65  6:25  Disruptor  
  65  6:28  Nexus  
  68  6:33  Pylon  
  68  6:37  Probe  
  68  6:39  Probe  
  70  6:46  Stalker  
  72  6:47  Probe  
  72  6:51  Probe  
  74  6:58  Twilight Council, Probe  
  75  7:05  Forge  
  75  7:08  Disruptor  
  75  7:13  Stalker  
  75  7:15  Stalker  
  82  7:23  Probe  
  82  7:25  Protoss Ground Armor Level 1 (Chrono Boost)  
  83  7:33  Stalker  
  83  7:34  Stalker  
  83  7:35  Probe  
  88  7:38  Protoss Shields Level 1 (Chrono Boost)  
  88  7:43  Probe  
  89  7:53  Probe  
  89  7:55  Blink  
  90  8:02  Robotics Facility  
  90  8:04  Probe  
  90  8:06  Stalker  
  87  8:14  Probe  
  85  8:25  Probe  
  86  8:28  Gateway  
  86  8:31  Gateway  
  86  8:34  Gateway  
  86  8:35  Gateway  
  86  8:36  Probe  
  87  8:44  Assimilator  
  87  8:46  Assimilator, Stalker  
  87  8:47  Stalker x3  
  95  8:54  Disruptor  
  98  9:01  Immortal  
  102  9:03  Probe  
  103  9:13  Stalker x2  
  103  9:14  Probe  
  108  9:24  Probe  
  108  9:26  Stalker x3  
  115  9:33  Stalker  
  117  9:41  Pylon  
  117  9:42  Pylon  
  117  9:44  Pylon  
  117  9:46  Pylon  
  117  9:47  Pylon  
  117  9:53  Protoss Ground Weapons Level 2 (Chrono Boost)  
  117  9:58  Protoss Ground Armor Level 2 (Chrono Boost)  
  117  10:02  Disruptor  
  120  10:08  Immortal  
  124  10:19  Stalker x2  
  124  10:20  Stalker  
  130  10:22  Stalker  
  67  11:06  Stalker x5  
  67  11:07  Stalker x3  
  67  11:11  Immortal x2  
  87  11:27  Templar Archives  
  87  11:39  Stalker x2  
  91  11:40  Stalker  
  91  11:45  Nexus  
  90  11:54  Stalker x2  
  90  11:55  Stalker  
  90  11:56  Stalker  
  98  12:04  Stalker x3  
  104  12:18  Protoss Shields Level 2 (Chrono Boost)  
  104  12:20  Immortal  
  82  12:53  Stalker  
  82  12:54  Stalker x6  
  82  12:55  Stalker  
  94  13:00  Immortal  
  91  13:07  Probe  
  92  13:18  Probe  
  92  13:19  Stalker x3  
  99  13:25  Stalker  
  101  13:28  Probe  
  101  13:31  Stalker  
  104  13:39  Probe  
  104  13:40  Assimilator  
  103  13:42  Assimilator  
  93  14:00  High Templar x6  
  93  14:01  High Templar x2  
  109  14:04  Immortal  
  109  14:06  Immortal  
  117  14:10  Probe  
  117  14:15  Archon x3  
  117  14:16  Archon  
  118  14:21  Probe  
  119  14:31  Probe  
  119  14:37  High Templar x2  
  124  14:39  Zealot x4  
  124  14:40  Zealot  
  124  14:42  Archon  
  134  15:07  High Templar  
  134  15:08  High Templar x2  
  135  15:26  High Templar x2  
  117  15:42  High Templar  
Show
View Real Time Build Order
Export as new Build Order

HyDE Protoss 

Build Orders: 1 Gate Expand 

Get SALT Encoding   

  12  0:02  Probe (Chrono Boost)  
  13  0:12  Probe (Chrono Boost)  
  14  0:18  Pylon  
  14  0:23  Probe (Chrono Boost)  
  15  0:36  Probe (Chrono Boost)  
  15  0:38  Gateway  
  16  0:43  Assimilator  
  16  0:47  Probe (Chrono Boost)  
  17  0:59  Probe (Chrono Boost)  
  18  1:09  Probe (Chrono Boost)  
  19  1:22  Probe (Chrono Boost)  
  20  1:30  Nexus  
  20  1:33  Probe (Chrono Boost)  
  21  1:51  Cybernetics Core  
  21  1:55  Probe (Chrono Boost)  
  22  2:06  Probe (Chrono Boost)  
  23  2:12  Assimilator  
  23  2:22  Pylon x2  
  23  2:27  Warp Gate  
  23  2:40  Probe (Chrono Boost), Adept  
  23  2:41  Pylon  
  23  2:42  Probe (Chrono Boost)  
  27  2:46  Pylon  
  27  2:54  Gateway  
  27  2:56  Probe (Chrono Boost)  
  28  3:03  Mothership Core (Chrono Boost)  
  30  3:12  Stalker  
  32  3:14  Probe (Chrono Boost)  
  33  3:21  Probe (Chrono Boost)  
  33  3:25  Gateway  
  34  3:44  Robotics Facility  
  34  3:45  Probe (Chrono Boost)  
  34  3:46  Probe (Chrono Boost)  
  36  3:48  Stalker  
  38  3:56  Probe (Chrono Boost)  
  41  4:04  Probe (Chrono Boost)  
  41  4:06  Probe (Chrono Boost)  
  43  4:19  Adept  
  43  4:31  Probe (Chrono Boost)  
  43  4:32  Probe (Chrono Boost)  
  43  4:33  Assimilator  
  43  4:37  Assimilator  
  45  4:44  Forge  
  45  4:45  Probe x2 (Chrono Boost)  
  47  4:46  Robotics Bay  
  47  4:51  Stalker x2  
  51  5:00  Immortal  
  51  5:05  Probe (Chrono Boost)  
  51  5:06  Probe (Chrono Boost)  
  57  5:08  Stalker  
  59  5:25  Nexus, Stalker x2  
  63  5:37  Robotics Facility  
  61  5:57  Stalker x3, Pylon  
  61  6:00  Protoss Ground Weapons Level 1  
  61  6:01  Pylon  
  67  6:16  Immortal (Chrono Boost)  
  67  6:18  Probe x2  
  73  6:30  Probe  
  74  6:38  Pylon  
  74  6:39  Pylon  
  74  6:41  Probe  
  74  6:42  Probe x2  
  74  6:44  Stalker x2  
  74  6:45  Stalker  
  83  6:57  Pylon  
  83  6:59  Immortal (Chrono Boost)  
  83  7:01  Pylon  
  87  7:07  Assimilator  
  87  7:09  Probe  
  87  7:10  Probe x2  
  87  7:11  Assimilator  
  87  7:14  Stalker x2  
  94  7:22  Probe  
  95  7:28  Gateway  
  95  7:29  Probe, Gateway  
  96  7:30  Probe  
  96  7:31  Gateway  
  96  7:36  Stalker  
  99  7:44  Immortal (Chrono Boost)  
  103  7:48  Probe  
  103  7:49  Probe x2  
  106  7:59  Probe  
  107  8:06  Pylon  
  107  8:08  Pylon  
  111  8:15  Immortal (Chrono Boost), Protoss Shields Level 1  
  101  8:40  Gateway  
  101  8:41  Gateway  
  101  8:43  Gateway  
  101  8:45  Stalker x3, Gateway  
  107  8:58  Stalker x3  
  113  9:08  Probe  
  113  9:09  Probe x2  
  116  9:18  Stalker x2  
  116  9:21  Probe  
  116  9:22  Nexus  
  116  9:23  Pylon  
  121  9:27  Pylon  
  121  9:30  Immortal (Chrono Boost)  
  125  9:33  Stalker x2  
  129  9:43  Immortal (Chrono Boost)  
  133  9:57  Twilight Council  
  133  10:01  Stalker x4  
  141  10:11  Zealot x3  
  147  10:15  Probe  
  147  10:17  Probe x2  
  150  10:29  Probe  
  150  10:33  Stalker x4  
  143  10:45  Stalker  
  143  10:46  Stalker x2  
  129  11:00  Stalker  
  129  11:01  Stalker x4  
  123  11:08  Stalker x2  
  115  11:18  Immortal (Chrono Boost)  
  115  11:19  Stalker x2  
  119  11:33  Stalker  
  119  11:34  Stalker x4  
  129  11:43  Stalker x3  
  85  12:11  Immortal (Chrono Boost)  
  85  12:12  Stalker x2  
  85  12:13  Stalker x4  
  105  12:15  Immortal (Chrono Boost)  
  105  12:20  Stalker x3  
  99  12:30  Stalker  
  99  12:42  Stalker x2  
  99  12:43  Stalker x2  
  79  12:53  Stalker x4  
  79  12:54  Stalker x2  
  79  13:07  Stalker x4  
  79  13:09  Protoss Ground Weapons Level 2  
  87  13:17  Stalker x2  
  87  13:18  Stalker  
  87  13:19  Stalker  
  95  13:25  Assimilator  
  95  13:30  Assimilator  
  95  13:32  Charge (Chrono Boost)  
  83  13:49  Stalker x5  
  93  13:57  Zealot  
  93  13:58  Zealot x2  
  93  14:02  Stalker  
  101  14:03  Zealot  
  101  14:05  Mothership Core  
  105  14:18  Pylon  
  105  14:19  Pylon  
  105  14:22  Pylon  
  105  14:33  Nexus  
  105  14:37  Pylon  
  105  14:40  Pylon  
  109  14:45  Immortal  
  109  14:47  Immortal  
  113  14:57  Stalker x2  
  113  14:58  Stalker  
  119  15:11  Zealot x4  
  119  15:12  Zealot  
  113  15:22  Zealot x3  
  113  15:23  Zealot  
  95  15:33  Zealot x2  
  95  15:34  Zealot x2  
  87  15:41  Zealot  
  87  15:42  Zealot x2  
Tags
 
Add a new tag
Caveats
  • Supply blocks, unpowered buildings, or Contaminate may cause inaccurate times.
  • Supply counts are checked every 10 seconds.